Map: 다크니스 생츄어리 - 래더

Players

soO - Winner!

  • Race: Zerg Zerg
  • League: Master
  • Spawn Location: 7:00

Bunny

  • Race: Terran Terran
  • League: Diamond
  • Spawn Location: 5:00

Event: HomeStory Cup XVII

VOD

Have the link to the VOD?

Description

Time

  • Played on: June 30, 2018, 1:40 p.m.
  • Length: 21:38

All games in this series

Show
View Real Time Build Order
Export as new Build Order

soO Zerg - Winner!

Build Orders: Hatch First, Swarm Host 

Get SALT Encoding   

  12  0:00  Drone  
  13  0:12  Overlord  
  13  0:17  Drone  
  14  0:30  Drone x2  
  14  0:34  Drone  
  17  0:51  Hatchery  
  17  0:54  Drone  
  17  0:58  Drone  
  18  1:07  Extractor  
  17  1:12  Spawning Pool  
  17  1:15  Drone  
  17  1:18  Drone  
  18  1:27  Drone  
  19  1:38  Overlord  
  19  1:59  Zergling x2, Queen  
  19  2:00  Zergling x2  
  23  2:03  Queen  
  23  2:04  Zergling x2  
  23  2:07  Metabolic Boost  
  26  2:11  Drone  
  26  2:14  Drone  
  28  2:32  Drone  
  28  2:34  Hatchery  
  28  2:37  Drone  
  29  2:38  Drone  
  30  2:46  Queen  
  32  2:51  Overlord  
  32  2:53  Drone  
  32  2:56  Drone  
  34  2:59  Drone  
  34  3:00  Drone  
  36  3:12  Drone x4  
  40  3:13  Drone  
  40  3:15  Drone  
  40  3:19  Overlord  
  42  3:21  Drone  
  42  3:23  Drone  
  44  3:30  Overlord  
  44  3:36  Queen  
  46  3:42  Drone x2  
  46  3:46  Drone  
  46  3:47  Drone  
  49  3:50  Drone  
  49  3:51  Queen  
  49  3:52  Drone x2  
  49  3:55  Extractor  
  53  3:57  Baneling Nest, Drone  
  53  4:01  Drone x2  
  55  4:07  Drone x2  
  55  4:08  Drone  
  58  4:11  Overlord  
  58  4:12  Zergling x2  
  58  4:13  Zergling x6  
  62  4:19  Drone x3  
  62  4:22  Overlord  
  62  4:23  Extractor  
  64  4:25  Spore Crawler  
  64  4:28  Drone  
  64  4:29  Drone  
  65  4:32  Drone  
  66  4:41  Evolution Chamber  
  66  4:42  Lair, Drone, Evolution Chamber  
  66  4:43  Drone x2  
  67  4:52  Drone x4  
  70  4:57  Drone x3  
  72  5:00  Drone x3  
  72  5:06  Zergling x4  
  77  5:08  Overlord  
  77  5:10  Zerg Ground Armor Level 1, Zerg Melee Weapons Level 1  
  73  5:14  Zergling x4  
  73  5:21  Zergling x2  
  73  5:24  Drone  
  73  5:27  Drone  
  70  5:31  Drone  
  70  5:32  Drone x3  
  70  5:34  Drone x2  
  70  5:35  Drone  
  72  5:39  Extractor, Drone x2  
  73  5:43  Drone  
  73  5:47  Hatchery  
  73  5:49  Drone x2  
  75  5:51  Drone  
  75  5:56  Extractor  
  74  5:57  Hatchery  
  74  5:58  Hydralisk Den, Drone x2  
  74  5:59  Roach Warren  
  74  6:02  Queen  
  75  6:13  Drone x3  
  75  6:18  Drone x3  
  81  6:22  Infestation Pit  
  81  6:28  Hydralisk x2  
  81  6:29  Hydralisk x2  
  81  6:31  Overlord x2  
  89  6:33  Overlord  
  89  6:35  Overlord  
  89  6:41  Grooved Spines  
  89  6:43  Overlord, Extractor, Hatchery  
  89  6:44  Overlord  
  86  6:49  Hydralisk x3  
  86  6:50  Zergling x6  
  95  7:03  Drone x3  
  95  7:05  Drone x3  
  101  7:10  Zergling x2, Hydralisk x3  
  101  7:11  Zergling x6  
  112  7:18  Hatchery, Swarm Host x5  
  122  7:33  Swarm Host x5  
  136  7:48  Swarm Host x3  
  145  7:51  Overlord x2  
  144  8:01  Swarm Host  
  144  8:02  Overlord  
  144  8:03  Overlord  
  147  8:08  Muscular Augments  
  147  8:09  Centrifical Hooks  
  147  8:14  Swarm Host  
  147  8:16  Swarm Host  
  147  8:18  Zergling x2  
  147  8:19  Zergling x18  
  162  8:25  Zerg Melee Weapons Level 2  
  162  8:31  Overlord  
  162  8:41  Hydralisk x4  
  162  8:43  Overlord x4  
  162  8:47  Drone x2  
  162  8:48  Overlord  
  169  8:56  Drone x3  
  169  8:57  Drone x5  
  175  9:05  Zerg Missile Weapons Level 1  
  175  9:12  Hydralisk x3  
  175  9:13  Zergling x10  
  175  9:17  Baneling x16, Extractor x2  
  186  9:18  Baneling  
  184  9:24  Spine Crawler  
  184  9:26  Hydralisk x2  
  184  9:27  Zergling x8  
  191  9:40  Drone  
  191  9:41  Drone  
  191  9:42  Hive  
  192  9:52  Hydralisk x3  
  183  9:53  Zergling x18  
  192  10:01  Hatchery  
  179  10:13  Overlord  
  177  10:15  Hydralisk Den  
  176  10:34  Drone x3  
  176  10:35  Spine Crawler  
  178  10:37  Spine Crawler  
  178  10:42  Zergling x10  
  182  10:43  Zergling x18  
  182  10:44  Overseer  
  182  10:49  Baneling x6  
  191  10:50  Baneling  
  189  11:03  Adrenal Glands, Zerg Melee Weapons Level 3  
  188  11:11  Drone x3  
  190  11:19  Baneling x6  
  190  11:21  Hydralisk x2  
  190  11:22  Zergling x2, Hydralisk x2  
  190  11:23  Zergling x2  
  190  11:24  Baneling x10  
  200  11:27  Zerg Missile Weapons Level 2  
  198  11:33  Hatchery  
  195  11:41  Viper  
  197  12:15  Overlord  
  197  12:16  Zergling x4  
  195  12:26  Zergling x8  
  197  12:40  Hydralisk x9  
  195  13:01  Hydralisk x2  
  199  13:09  Spine Crawler x2  
  199  13:11  Spine Crawler  
  188  13:14  Hydralisk x5  
  177  13:38  Viper x2  
  181  13:42  Zergling x24  
  181  13:43  Zergling x6  
  176  13:49  Hydralisk x3  
  176  13:50  Zergling x22  
  187  13:58  Drone x5  
  192  14:09  Zerg Ground Armor Level 2  
  192  14:10  Zerg Missile Weapons Level 3  
  192  14:11  Baneling x12  
  192  14:12  Baneling x2  
  192  14:14  Spire  
  191  14:17  Baneling x10  
  191  14:18  Baneling x8, Zergling x8  
  191  14:19  Zergling x10  
  170  14:38  Hydralisk x5  
  165  14:39  Zergling x10  
  165  14:40  Zergling x12  
  165  14:41  Hatchery  
  186  14:51  Hydralisk x9  
  186  14:52  Hydralisk  
  195  15:05  Hydralisk  
  195  15:06  Hydralisk  
  166  15:27  Hydralisk x5  
  166  15:28  Zergling x2, Hydralisk  
  158  15:29  Zergling x28  
  167  15:37  Zergling x18  
  170  15:51  Hydralisk x7  
  182  16:13  Drone  
  182  16:14  Drone x6  
  182  16:16  Baneling x7  
  182  16:17  Baneling  
  178  16:37  Zergling x28  
  173  16:58  Drone x3  
  168  17:01  Hydralisk  
  168  17:02  Zergling x2, Hydralisk x3  
  168  17:03  Zergling x8  
  177  17:17  Zergling x26  
  183  17:26  Hydralisk x2  
  183  17:29  Baneling  
  182  17:30  Baneling x9  
  181  17:38  Zergling x2  
  181  17:39  Zergling x12  
  188  17:47  Baneling x9  
  188  17:48  Hatchery  
  187  17:56  Zergling x6  
  161  18:17  Drone x7  
  164  18:26  Drone x2  
  160  18:49  Hatchery  
  157  19:00  Hydralisk  
  157  19:01  Hatchery, Hydralisk x10  
  166  19:28  Viper x3  
  171  19:38  Zergling x26  
  169  19:39  Zergling x2  
  175  19:56  Hydralisk  
  175  19:57  Zergling x10, Hydralisk x2  
  184  20:04  Baneling x8  
  184  20:10  Hydralisk x2  
  186  20:20  Spine Crawler  
  186  20:21  Spine Crawler  
  184  20:29  Hydralisk  
  184  20:30  Hydralisk x3  
  192  20:39  Drone x3  
  195  20:46  Baneling x2  
  173  21:17  Drone x3  
  176  21:19  Spine Crawler x2  
Show
View Real Time Build Order
Export as new Build Order

Bunny Terran 

Build Orders: Command Center First (CC), Liberator Opening, Mech 

Get SALT Encoding   

  12  0:00  SCV  
  13  0:13  SCV  
  14  0:17  Supply Depot  
  14  0:25  SCV  
  15  0:38  SCV  
  16  0:50  SCV  
  17  0:58  Command Center  
  17  1:03  SCV  
  18  1:13  Barracks  
  18  1:16  SCV  
  19  1:21  Refinery  
  19  1:28  SCV  
  20  1:40  SCV  
  20  1:41  Refinery  
  21  1:53  SCV  
  22  2:00  Marine  
  23  2:05  Orbital Command  
  23  2:13  Orbital Command  
  23  2:17  Marine  
  23  2:22  Factory  
  24  2:30  SCV  
  24  2:36  Barracks Reactor  
  25  2:38  Supply Depot  
  25  2:39  SCV  
  25  2:42  SCV  
  27  2:51  SCV  
  28  2:54  SCV  
  29  3:03  SCV  
  30  3:06  Starport  
  30  3:07  SCV  
  31  3:15  SCV, Hellion  
  31  3:16  Hellion  
  31  3:19  Supply Depot, SCV  
  37  3:23  Barracks Tech Lab  
  37  3:27  SCV  
  37  3:31  SCV  
  37  3:34  Liberator  
  39  3:36  Command Center  
  39  3:37  Hellion x2  
  43  3:42  SCV  
  43  3:43  SCV  
  43  3:47  Supply Depot  
  45  3:54  SCV  
  45  3:55  SCV  
  50  3:59  Hellion  
  50  4:02  Hellion  
  54  4:08  SCV x2  
  54  4:09  Supply Depot  
  56  4:18  Barracks Tech Lab  
  56  4:21  SCV x2, Factory x2  
  58  4:29  Hellion x2  
  62  4:33  SCV  
  62  4:34  SCV  
  64  4:40  Armory x2  
  64  4:41  Refinery  
  64  4:45  Supply Depot  
  64  4:46  Refinery  
  64  4:49  Orbital Command  
  64  4:51  SCV  
  61  5:00  SCV  
  61  5:03  SCV, Hellion x2  
  67  5:13  Starport Reactor, Supply Depot, SCV  
  68  5:15  SCV  
  69  5:25  Hellion x2  
  68  5:35  Terran Vehicle And Ship Armor Level 1, Terran Vehicle Weapons Level 1  
  62  5:38  Orbital Command  
  62  5:39  SCV x2  
  64  5:46  Hellion x2  
  64  5:48  Refinery, Command Center  
  68  5:52  SCV x2  
  68  5:53  Refinery  
  68  5:56  Thor  
  76  6:03  Thor  
  82  6:09  SCV x3  
  85  6:12  Medivac  
  85  6:13  Medivac  
  89  6:21  SCV x3  
  92  6:32  Factory  
  92  6:33  SCV x2  
  92  6:34  SCV  
  92  6:35  Factory  
  92  6:39  Siege Tank, Supply Depot  
  98  6:45  SCV  
  99  6:50  SCV x2  
  99  6:51  Supply Depot  
  101  6:59  Siege Tank, SCV, Hellion x2  
  101  7:00  Orbital Command  
  109  7:11  Siege Tank  
  109  7:12  Engineering Bay  
  112  7:18  SCV x3  
  112  7:19  Factory Reactor, Factory Tech Lab  
  115  7:24  Viking  
  115  7:25  Supply Depot  
  115  7:27  Viking  
  117  7:30  Hellion x2  
  117  7:31  Siege Tank  
  117  7:34  Orbital Command  
  117  7:36  Supply Depot  
  124  7:37  SCV x3  
  124  7:42  Siege Tank  
  130  7:47  Siege Tank, Infernal Pre-Igniter, Sensor Tower  
  133  7:52  Hellion x2  
  137  7:59  Hellion x2  
  137  8:02  Supply Depot  
  137  8:04  Terran Vehicle Weapons Level 2  
  137  8:05  SCV x4  
  145  8:08  Terran Vehicle And Ship Armor Level 2  
  145  8:09  Supply Depot  
  147  8:17  Refinery, SCV  
  147  8:19  Refinery  
  148  8:23  Hellion x2  
  148  8:24  Hellion x2  
  152  8:29  Siege Tank  
  152  8:30  Siege Tank x2  
  161  8:36  Viking  
  161  8:37  Viking  
  161  8:41  Supply Depot x2  
  160  8:42  Supply Depot  
  160  8:50  Hellion x2  
  164  9:02  Siege Tank  
  169  9:03  Hellion  
  169  9:06  Viking  
  169  9:07  Siege Tank x2, Viking  
  169  9:09  Hellion  
  181  9:13  Command Center  
  181  9:15  Supply Depot  
  181  9:16  Missile Turret  
  178  9:22  Hellion x2  
  180  9:25  Hellion  
  180  9:29  SCV  
  180  9:30  SCV x3  
  180  9:31  Hellion x9  
  188  9:37  Siege Tank  
  191  9:39  Siege Tank  
  191  9:43  Hellion  
  196  9:47  Siege Tank  
  151  9:53  Hellion  
  151  9:54  Hellion x2  
  151  9:59  Viking  
  145  10:05  Hellion  
  145  10:06  Viking  
  143  10:09  Siege Tank  
  143  10:10  Orbital Command  
  143  10:11  Siege Tank  
  149  10:15  Hellion  
  149  10:17  Factory  
  149  10:19  Siege Tank  
  154  10:28  Hellion x2  
  158  10:33  Engineering Bay  
  158  10:34  SCV x3  
  161  10:41  Siege Tank  
  164  10:43  Siege Tank  
  164  10:44  Orbital Command  
  164  10:46  SCV x2  
  164  10:47  Refinery  
  164  10:48  Supply Depot  
  169  10:51  Siege Tank  
  169  10:52  Hellion  
  169  10:53  Hellion  
  169  10:57  Hellion x2  
  162  11:13  Siege Tank  
  162  11:14  Terran Vehicle And Ship Armor Level 3, Terran Vehicle Weapons Level 3, Hellion x2  
  162  11:15  Siege Tank  
  168  11:23  Sensor Tower, SCV  
  168  11:24  Planetary Fortress, SCV x3  
  170  11:35  SCV  
  171  11:41  Siege Tank  
  171  11:44  Hellion  
  171  11:45  Siege Tank, Hellion x2  
  171  11:46  Hellion  
  185  11:47  Siege Tank  
  181  11:55  Viking x2  
  185  12:06  Hellion x3  
  191  12:09  Factory Tech Lab  
  191  12:13  Refinery, Siege Tank  
  191  12:14  Refinery  
  191  12:15  Missile Turret  
  186  12:16  Missile Turret, Hellion  
  186  12:17  Hellion  
  190  12:25  Siege Tank, Liberator  
  190  12:27  Hellion  
  195  12:31  Hellion  
  195  12:32  Hellion  
  195  12:34  Hellion  
  191  12:38  Siege Tank, Hellion  
  191  12:41  Liberator  
  193  12:45  Hellion  
  194  12:58  Hellion  
  194  12:59  Hellion  
  194  13:10  Siege Tank  
  194  13:28  Hellion x3  
  194  13:30  Siege Tank x2, Hellion, Medivac  
  194  13:31  Siege Tank  
  162  13:38  Command Center  
  162  13:41  Medivac  
  152  13:42  Missile Turret  
  152  13:43  Siege Tank  
  147  13:50  Hellion x3  
  147  13:51  Hellion  
  153  13:57  Sensor Tower  
  153  14:00  Medivac  
  155  14:03  Siege Tank x3  
  155  14:06  Rapid Fire Launchers  
  164  14:11  Cyclone, Hellion x2  
  164  14:12  Cyclone  
  164  14:15  Cyclone  
  165  14:27  SCV x2  
  162  14:32  Cyclone x2  
  162  14:35  Cyclone x3  
  175  14:43  Cyclone  
  175  14:45  Cyclone  
  173  14:47  Cyclone  
  166  15:04  Cyclone x2  
  165  15:07  Siege Tank, Cyclone, Hellion  
  167  15:15  Hellion  
  167  15:19  Siege Tank  
  144  15:21  Hellion  
  124  15:28  Siege Tank  
  121  15:37  Hellion x3  
  121  15:38  SCV  
  121  15:39  SCV x3  
  131  15:49  Hellion x2  
  135  15:51  Hellion  
  135  15:52  SCV  
  138  16:00  Hellion x2  
  142  16:07  Hellion x2  
  143  16:15  Hellion x4  
  143  16:16  Hellion x3  
  145  16:26  Hellion x2  
  145  16:30  Hellion x2  
  144  16:33  Hellion  
  144  16:37  Hellion  
  139  16:41  Hellion  
  139  16:45  Hellion  
  137  16:48  Hellion  
  137  16:52  Hellion  
  132  16:55  Hellion  
  132  16:57  Hellion  
  132  17:05  Hellion x2  
  134  17:14  Hellion x2  
  131  17:23  Hellion  
  129  17:32  Hellion x2  
  127  17:39  Siege Tank  
  127  17:40  Hellion  
  129  17:45  Hellion  
  131  17:52  Hellion  
  131  17:59  Hellion  
  123  18:12  Hellion x2  
  121  18:21  Siege Tank x2  
  121  18:22  Hellion x2  
  131  18:33  Hellion  
  131  18:34  Hellion x3  
  137  18:38  Viking  
  137  18:43  Hellion  
  139  18:50  Hellion  
  139  18:53  Hellion x2  
  145  19:02  Hellion x3  
  141  19:10  Hellion  
  141  19:11  Hellion  
  141  19:12  Hellion  
  126  19:26  Hellion  
  126  19:27  Hellion x2  
  126  19:29  Hellion  
  126  19:31  Hellion  
  124  19:37  Hellion x2  
  118  19:42  Hellion x20  
  118  19:43  Siege Tank  
  111  19:57  Hellion  
  111  19:58  Hellion x2  
  113  20:21  Hellion  
  113  20:22  Hellion x3  
  113  20:24  Orbital Command  
  113  20:25  Hellion  
  117  20:32  Hellion  
  118  20:37  Hellion  
  107  20:58  Siege Tank  
  107  21:03  Hellion  
  106  21:11  Hellion x2  
Tags
 
Add a new tag
Caveats
  • Supply blocks, unpowered buildings, or Contaminate may cause inaccurate times.
  • Supply counts are checked every 10 seconds.